 Dungeon Crawl Stone Soup version 0.18-a0-1677-g2bdad6c (webtiles) character file.

121242 Oddball22 the Demonic Cataclysm (level 16, -2/187 HPs)
             Began as a Demonspawn Fighter on Apr 2, 2016.
             Was a High Priest of Qazlal.
             Slain by an orc warlord
             ... wielding a +0 war axe
              (3 damage)
             ... on level 2 of the Orcish Mines.
             The game lasted 01:26:20 (25737 turns).

Oddball22 the Demonic Cataclysm (DsFi)             Turns: 25737, Time: 01:26:20

Health: -2/187     AC: 28    Str: 18    XL:     16   Next: 31%
Magic:  0/27       EV:  2    Int: 10    God:    Qazlal [*****.]
Gold:   2593       SH: 20    Dex: 18    Spells: 0 memorised, 27 levels left

rFire  + . .     SeeInvis .     G - +7 Screaming Sword
rCold  . . .     Gourm    .     (armour currently unavailable)
rNeg   + + +     Faith    .     c - +0 shield
rPois  +         Spirit   +     (helmet currently unavailable)
rElec  .         Dismiss  .     (cloak currently unavailable)
rCorr  .         Reflect  .     (gloves unavailable)
SustAt .         Harm     .     (boots currently unavailable)
MR     ++...     NoTele   +     K - amulet of rage
Stlth  +.........               T - ring of protection from fire
                                Z - ring of protection from magic

@: lethally poisoned (-2 -> -2), exhausted, tree-form, slowed, repel missiles,
very slow, very resistant to hostile enchantments, very unstealthy
A: (claws 0), (fangs 0), (large bone plates 0), (spiny 0), magic shield, magic
regeneration
a: Upheaval, Elemental Force, Disaster Area, Renounce Religion, Evoke Berserk
Rage


You were on level 2 of the Orcish Mines.
You worshipped Qazlal.
Qazlal was extremely pleased with you.
You were hungry.
You were a tree.
You visited 4 branches of the dungeon, and saw 26 of its levels.
You also visited: Ice Cave.

You collected 2684 gold pieces.
You spent 91 gold pieces at shops.

Inventory:

Hand Weapons
 A - a +1 antimagic broad axe
 D - a +1 great sword of flaming
 G - the +7 Screaming Sword (weapon)
   (You found it on level 5 of the Dungeon)
 L - a +0 hand crossbow
Missiles
 v - 24 bolts of flame
 y - 158 bolts
 B - 15 bolts of frost
 O - 11 silver bolts
 W - 14 poisoned bolts
Armour
 a - the +4 ring mail of Action (melded) {*Drain rPois Int+4 Slay+2}
   (You found it on level 8 of the Dungeon)

   It affects your intelligence (+4).
   It affects your accuracy and damage with ranged weapons and melee attacks
   (+2).
   It protects you from poison.
   It causes draining when unequipped.
 c - a +0 shield (worn)
 l - a +2 cloak of cold resistance (melded)
 F - the -1 helmet "Lokhlumm" (melded) {rElec rPois rF+ rCorr}
   (You found it on level 1 of the Lair of Beasts)

   It protects you from fire.
   It insulates you from electricity.
   It protects you from poison.
   It protects you from acid and corrosion.
Jewellery
 E - an uncursed ring of poison resistance
 K - an amulet of rage (around neck)
 T - a ring of protection from fire (right branch)
 Y - an uncursed ring of resist corrosion
 Z - a ring of protection from magic (left branch)
Wands
 P - a wand of disintegration (0/24)
 V - a wand of disintegration (10/24)
 X - a wand of teleportation (3/9)
Scrolls
 b - 4 scrolls of identify
 e - 6 scrolls of recharging
 f - a scroll of silence
 m - 7 scrolls of enchant weapon
 n - 4 scrolls of amnesia
 q - 6 scrolls of enchant armour
 w - 6 scrolls of remove curse
 Q - 4 scrolls of fear
 U - 2 scrolls of teleportation
Potions
 d - 4 potions of might
 i - 5 potions of agility
 j - 4 potions of brilliance
 k - a potion of resistance
 p - 9 potions of curing
 u - 4 potions of lignification
 x - 2 potions of ambrosia
 J - 4 potions of mutation
 R - a potion of flight
Comestibles
 g - 61 fruits
 h - 3 chunks of flesh
 o - a slice of pizza
 r - 3 beef jerkies
 t - 7 bread rations
 M - a royal jelly
 N - 9 meat rations


   Skills:
 + Level 11.3 Fighting
 - Level 4.5 Axes
 - Level 12.6 Armour
 - Level 12.5 Dodging
 - Level 13.2 Shields
 - Level 6.0 Spellcasting
 * Level 15.2 Invocations


You had 27 spell levels left.
You didn't know any spells.

Dungeon Overview and Level Annotations

Branches:
Dungeon (15/15)            Temple (1/1) D:6            Lair (8/8) D:8
  Swamp (0/4) Lair:5        Snake (0/4) Lair:3        Slime (0/6) Lair:8
    Orc (2/2) D:9          Vaults (0/5) D:14         Depths (0/5) D:15
    Elf: Orc:2

Altars:
Cheibriados
Elyvilon
Gozag
Kikubaaqudgha
Nemelex Xobeh
Okawaru
Pakellas
Qazlal
Ru
Sif Muna
Trog
Vehumet
Xom
Yredelemnul
The Shining One
Beogh

Shops:
D:4 [   D:5 }   D:7 (   D:10 *


Innate Abilities, Weirdness & Mutations

((You have claws for hands.))
((You are partially covered in large bone plates (AC +2, SH +2).))
((You are mostly covered in sharp spines.))
When hurt, damage is shared between your health and your magic reserves.
You regenerate magic rapidly.
((You have very sharp teeth.))


Message History

The orc warrior dies!
Qazlal accepts your kill.
An orc high priest and an orc knight come into view.
The orc warlord shouts!
You slice the orc warlord!!
The orc warlord is almost dead.
You feel sick.
The orc knight no longer looks unusually strong.
The orc warlord hits you with a war axe!!
* * * LOW HITPOINT WARNING * * *
The orc warlord hits your earth elemental with a war axe!!
The orc knight is engulfed in freezing vapours.
The orc warrior is engulfed in freezing vapours.
The orc knight is engulfed in freezing vapours.
The orc knight shoots a bolt.
The bolt hits your earth elemental!!
The orc high priest calls upon Beogh to heal the orc knight.
The orc knight is healed somewhat.
Your earth elemental hits the orc knight!
The orc warlord hits you with a war axe.
You die...

#......# #.......)
......... ####.......
#.......... ###########
###..........
..o).).§(.####.........#..
.....).Eo§.§.......######.
...o)o[§o♣§.........#####.
.....))§oE.((##.......#.##
.......§o..§###.......#.#.
.............###..........
..............###.........
..............# ###.......
............... ##......
........#...... #.....#
..#.......... ##....#


You could see an orc warlord, 3 orc knights, an orc high priest, an orc warrior,
an orc priest and 2 friendly earth elementals.

Vanquished Creatures
  Saint Roka (Orc:2)
  Kirke (D:14)
  A fire giant (D:15)
  Maud (Lair:4)
  An orc warlord (Orc:1)
  Josephine (Lair:6)
  A fire dragon (Lair:8)
  Fannar (D:12)
  An ogre mage (D:14)
  The ghost of Marenglen the Covert, a journeyman DrVM of Sif Muna (Orc:1)
  6 hydras
  A catoblepas (D:14)
  4 centaur warriors
  2 death knights (D:14)
  Erica (Lair:2)
  3 tengu warriors (D:15)
  A queen ant (Lair:2)
  An orc high priest (Orc:2)
  12 death yaks
  Nergalle (Lair:4)
  A deep elf knight (D:14)
  Sonja (D:15)
  2 unseen horrors
  An unseen horror (shapeshifter) (D:13)
  A lindwurm (Lair:8)
  5 hill giants
  A necromancer (IceCv)
  Pikel (D:5)
  2 orc knights
  7 deep elf magi
  4 orc sorcerers
  3 griffons
  An oklob plant (Lair:8)
  6 ugly things (D:15)
  4 cyclopes
  11 elephants (Lair:8)
  4 black mambas
  2 manticores (D:14)
  A centaur zombie (D:15)
  An ice statue (IceCv)
  7 torpor snails
  A gargoyle (D:14)
  11 spiny frogs
  3 kobold demonologists (D:14)
  3 rime drakes
  2 yaktaurs (D:14)
  7 freezing wraiths
  6 komodo dragons
  An efreet (D:15)
  4 trolls
  7 polar bears
  A two-headed ogre (shapeshifter) (D:12)
  3 giant leeches (Lair:8)
  Prince Ribbit (D:6)
  7 slime creatures
  5 two-headed ogres
  32 blink frogs
  A boulder beetle (D:14)
  Sigmund (D:4)
  4 wyverns
  A vampire (D:15)
  4 shadows
  Eustachio (D:5)
  5 wraiths (Lair:6)
  31 yaks
  4 basilisks
  18 hippogriffs
  2 hungry ghosts
  2 steam dragons
  6 hogs (D:14)
  Menkaure (D:5)
  A mottled dragon (D:14)
  A death yak simulacrum (IceCv)
  3 vampire mosquitoes (D:14)
  6 wargs
  3 nagas (Lair:3)
  21 water moccasins
  12 porcupines
  13 soldier ants
  A black bear (shapeshifter) (D:15)
  2 black bears (Lair:1)
  2 slaves
  24 orc warriors
  A necrophage (D:11)
  5 phantoms
  16 ice beasts
  6 sky beasts
  5 wasps
  12 ogres
  20 centaurs
  27 wolves
  16 crocodiles
  5 big kobolds
  29 giant frogs
  2 wyvern zombies
  6 scorpions
  23 killer bees
  An elephant simulacrum (IceCv)
  29 wights
  6 electric eels
  6 howler monkeys
  6 crimson imps
  A quasit (D:7)
  2 giant frog zombies
  9 jellies
  19 orc priests
  6 draconian simulacra (IceCv)
  7 hounds
  7 centaur skeletons
  25 orc wizards
  Ijyb (D:3)
  A gnoll shaman (D:4)
  8 iguanas
  Terence (D:3)
  4 troll simulacra (IceCv)
  54 worker ants
  2 polar bear simulacra (IceCv)
  2 spriggan simulacra (IceCv)
  A killer bee zombie (D:9)
  16 sheep
  3 centaur simulacra
  A howler monkey zombie (D:7)
  A worker ant zombie (D:5)
  Robin (D:2)
  12 adders
  8 gnolls
  2 naga simulacra (IceCv)
  A howler monkey skeleton (D:5)
  4 ogre simulacra (IceCv)
  78 river rats
  5 shadow imps
  10 white imps (IceCv)
  7 oozes
  2 adder skeletons
  22 worms
  A dart slug (D:1)
  5 giant geckos
  107 orcs
  15 bats
  5 giant cockroaches
  16 goblins
  17 hobgoblins
  15 jackals
  3 quokkas (D:10)
  2 ball pythons
  3 giant newts
  15 kobolds
  4 rats
  5 bushes (Lair:8)
  A butterfly (Lair:6)
  50 fungi
  62 plants
1242 creatures vanquished.

Vanquished Creatures (collateral kills)
  A salamander stormcaller (D:14)
  A hydra (D:13)
  6 freezing wraiths (IceCv)
  A kobold demonologist (D:14)
  A hog (D:14)
  3 orc warriors
  2 big kobolds (D:14)
  2 orc priests (Orc:2)
  2 white imps (IceCv)
  2 orcs (Orc:2)
21 creatures vanquished.

Vanquished Creatures (others)
  A slave (D:6)
  A crocodile (Lair:8)
  A quokka skeleton (D:6)
  21 fungi
  28 plants
52 creatures vanquished.

Grand Total: 1315 creatures vanquished

Notes
Turn   | Place    | Note
--------------------------------------------------------------
     0 | D:1      | Oddball22 the Demonspawn Fighter began the quest for the Orb.
     0 | D:1      | Reached XP level 1. HP: 18/18 MP: 1/1
   158 | D:1      | Gained mutation: You have sharp fingernails. [demonic ancestry]
   158 | D:1      | Reached XP level 2. HP: 24/24 MP: 2/2
   689 | D:2      | Found a sparkling altar of Nemelex Xobeh.
   689 | D:2      | Found an opulent altar of Gozag.
   698 | D:2      | Gained mutation: You have very sharp fingernails. [demonic ancestry]
   698 | D:2      | Reached XP level 3. HP: 24/29 MP: 3/3
   937 | D:2      | Found an iron altar of Okawaru.
   973 | D:2      | Found a deep blue altar of Sif Muna.
   974 | D:2      | Found a snail-covered altar of Cheibriados.
   975 | D:2      | Found a sacrificial altar of Ru.
   977 | D:2      | Found a shimmering altar of Xom.
  1115 | D:2      | Noticed Robin
  1139 | D:2      | Killed Robin
  1144 | D:2      | Gained mutation: You are partially covered in large bone plates (AC +2, SH +2). [demonic ancestry]
  1144 | D:2      | Reached XP level 4. HP: 14/37 MP: 4/4
  1866 | D:3      | Noticed Terence
  1887 | D:3      | Killed Terence
  2161 | D:3      | Noticed Ijyb
  2169 | D:3      | Killed Ijyb
  2169 | D:3      | Reached XP level 5. HP: 38/43 MP: 5/5
  2542 | D:4      | Noticed a phantom
  2575 | D:4      | Killed a phantom
  2575 | D:4      | Reached skill level 5 in Fighting
  2575 | D:4      | Gained mutation: You are partially covered in sharp spines. [demonic ancestry]
  2575 | D:4      | Reached XP level 6. HP: 34/51 MP: 6/6
  2604 | D:4      | Found a white marble altar of Elyvilon.
  2693 | D:4      | Noticed Sigmund
  2716 | D:4      | Killed Sigmund
  2955 | D:4      | Reached XP level 7. HP: 53/56 MP: 7/7
  3083 | D:4      | Found Ifigint's Armour Shoppe.
  3637 | D:5      | Entered Level 5 of the Dungeon
  3715 | D:5      | Gained mutation: You are mostly covered in sharp spines. [demonic ancestry]
  3715 | D:5      | Reached XP level 8. HP: 32/65 MP: 8/8
  3986 | D:5      | Reached skill level 5 in Shields
  4163 | D:5      | Noticed Menkaure
  4167 | D:5      | Killed Menkaure
  4436 | D:5      | Reached skill level 5 in Armour
  4484 | D:5      | Found a stormy altar of Qazlal.
  4486 | D:5      | Noticed an air elemental
  4491 | D:5      | Became a worshipper of Qazlal Stormbringer
  4503 | D:5      | Found Puikheol's Gadget Emporium.
  4522 | D:5      | Reached skill level 1 in Invocations
  4688 | D:6      | Noticed Pikel
  4692 | D:6      | Noticed Eustachio
  4733 | D:5      | Killed Pikel
  4733 | D:5      | Reached skill level 1 in Dodging
  4733 | D:5      | Reached skill level 3 in Invocations
  4733 | D:5      | Gained mutation: When hurt, damage is shared between your health and your magic reserves. [demonic ancestry]
  4733 | D:5      | Reached XP level 9. HP: 66/74 MP: 9/11
  4742 | D:5      | Killed Eustachio
  4742 | D:5      | Reached skill level 4 in Invocations
  5075 | D:6      | Found a staircase to the Ecumenical Temple.
  5075 | D:6      | Noticed Prince Ribbit
  5122 | D:6      | Found a bloodstained altar of Trog.
  5140 | D:6      | Reached skill level 5 in Invocations
  5498 | D:7      | Reached * piety under Qazlal
  5606 | D:7      | Found Riaf's Antique Weapon Shop.
  5611 | D:7      | Reached skill level 6 in Invocations
  5620 | D:7      | Bought a hand crossbow for 91 gold pieces
  6152 | D:8      | Reached skill level 7 in Invocations
  6152 | D:8      | Gained mutation: You regenerate magic rapidly. [demonic ancestry]
  6152 | D:8      | Reached XP level 10. HP: 71/82 MP: 12/15
  6167 | D:8      | Got a translucent bone ring
  6227 | D:8      | Got a fine ring mail
  6240 | D:8      | Identified the +4 ring mail of Action {*Drain rPois Int+4 Slay+2} (You found it on level 8 of the Dungeon)
  6243 | D:8      | Identified the ring "Solee" {Str+4 Int+2} (You found it on level 8 of the Dungeon)
  6416 | D:8      | Reached ** piety under Qazlal
  6512 | D:8      | Reached skill level 8 in Invocations
  6771 | D:8      | Found a staircase to the Lair.
  6953 | Lair:1   | Entered Level 1 of the Lair of Beasts
  7029 | Lair:1   | Reached skill level 9 in Invocations
  7039 | Lair:1   | Noticed a seven-headed hydra
  7062 | Lair:1   | Killed a seven-headed hydra
  7062 | Lair:1   | Reached *** piety under Qazlal
  7062 | Lair:1   | Reached skill level 10 in Invocations
  7063 | Lair:1   | Reached XP level 11. HP: 60/89 MP: 9/18
  7679 | Lair:1   | Got a bloodstained helmet
  7977 | Lair:1   | Identified the -1 helmet "Lokhlumm" {rElec rPois rF+ rCorr} (You found it on level 1 of the Lair of Beasts)
  8028 | Lair:2   | Noticed Erica
  8037 | Lair:2   | Killed Erica
  8037 | Lair:2   | Reached skill level 5 in Dodging
  8038 | Lair:2   | Reached skill level 11 in Invocations
  8044 | Lair:2   | Noticed a queen ant
  8056 | Lair:2   | Killed a queen ant
  8064 | Lair:2   | Reached **** piety under Qazlal
  8132 | Lair:2   | Reached skill level 10 in Fighting
  8469 | Lair:2   | Reached skill level 12 in Invocations
  8811 | Lair:2   | Reached XP level 12. HP: 89/97 MP: 19/21
  8857 | Lair:2   | Noticed a six-headed hydra
  8867 | Lair:2   | Killed a three-headed hydra
  9618 | Lair:3   | Reached ***** piety under Qazlal
  9626 | Lair:3   | Reached skill level 13 in Invocations
  9833 | Lair:3   | Found a staircase to the Snake Pit.
 10441 | Lair:4   | Noticed Maud
 10457 | Lair:4   | Killed Maud
 10479 | Lair:4   | Reached skill level 14 in Invocations
 10700 | Lair:4   | Noticed Nergalle
 10798 | Lair:4   | Killed Nergalle
 11435 | Lair:5   | Reached XP level 13. HP: 103/104 MP: 21/23
 11599 | Lair:5   | Reached ****** piety under Qazlal
 11687 | Lair:5   | Found a staircase to the Swamp.
 12039 | Lair:5   | Reached skill level 1 in Spellcasting
 12381 | Lair:6   | Noticed Josephine
 12389 | Lair:6   | Killed Josephine
 13302 | Lair:7   | Reached skill level 10 in Shields
 14137 | Lair:7   | Reached skill level 10 in Armour
 14890 | Lair:8   | Entered Level 8 of the Lair of Beasts
 14907 | Lair:8   | Reached XP level 14. HP: 108/111 MP: 24/24
 15067 | Lair:8   | Reached skill level 5 in Spellcasting
 15457 | Lair:8   | Found a staircase to the Slime Pits.
 15831 | Lair:8   | Found a runed door.
 15881 | Lair:8   | Reached skill level 10 in Dodging
 16854 | D:6      | Killed Prince Ribbit
 16857 | Temple   | Entered the Ecumenical Temple
 17109 | D:9      | Found a staircase to the Orcish Mines.
 17339 | D:9      | Found a deep blue altar of Sif Muna.
 17463 | D:10     | Entered Level 10 of the Dungeon
 17527 | D:10     | Found a sparkling altar of Nemelex Xobeh.
 17962 | D:10     | Found Dozathryi's Assorted Antiques.
 19161 | D:12     | Noticed Fannar
 19173 | D:12     | Killed Fannar
 19174 | D:12     | Found a deep blue altar of Sif Muna.
 19456 | D:12     | Gained mutation: You have claws for hands. [demonic ancestry]
 19456 | D:12     | Reached XP level 15. HP: 111/117 MP: 23/25
 19810 | D:12     | Gained mutation: You have very sharp teeth. [potion of beneficial mutation]
 20712 | D:14     | Noticed Kirke
 21075 | D:14     | Found a roughly hewn altar of Beogh.
 21134 | D:14     | Killed Kirke
 22159 | D:14     | Found a gate to the Vaults.
 22648 | D:15     | Entered Level 15 of the Dungeon
 22670 | D:15     | Noticed Sonja
 22868 | D:15     | Killed Sonja
 22883 | D:15     | Found a frozen archway.
 22968 | IceCv    | Entered an ice cave
 23416 | IceCv    | Found an ancient bone altar of Kikubaaqudgha.
 23565 | IceCv    | Reached XP level 16. HP: 77/124 MP: 11/26
 23964 | D:15     | Found a staircase to the Depths.
 24761 | Orc:1    | Entered Level 1 of the Orcish Mines
 24849 | Orc:1    | Noticed Marenglen's ghost (journeyman DrVM)
 24857 | Orc:1    | Killed Marenglen's ghost
 25029 | Orc:1    | Paralysed by an orc sorcerer for 3 turns
 25470 | Orc:2    | Entered Level 2 of the Orcish Mines
 25704 | Orc:2    | Noticed Saint Roka
 25723 | Orc:2    | Killed Saint Roka
 25723 | Orc:2    | Reached skill level 15 in Invocations
 25737 | Orc:2    | HP: 1/187 [orc warlord/war axe (16)]
 25737 | Orc:2    | Slain by an orc warlord

Vault maps used:
D:1:      erik_arrival_blinker_ship
D:2:      grunt_temple_overflow_opulence, grunt_temple_overflow_open,
          first_bread, uniq_robin
D:3:      uniq_terence, uniq_iyjb
D:4:      serial_shops, shop, elyvilon_altar_4, uniq_sigmund
D:5:      old_forge, nicolae_qazlal_style_of_elements, serial_shops,
          nicolae_shop_crystal, uniq_menkaure
D:6:      minmay_temple_entry_purple_smoke, trog_three_pillars_becter,
          uniq_eustachio, uniq_prince_ribbit1, uniq_pikel
D:7:      serial_shops, nicolae_shop_statue_plus, serial_bayou_lagoon_a
D:8:      hangedman_cross_stitches
D:9:      orc_0_dummy, basic_altar
D:10:     serial_shops, nicolae_shop_trees, blue_anna_alchemist,
          nemelex_xobeh_ov_fountains_minmay
D:12:     led_sif_book, uniq_fannar
D:13:     minmay_misc_feat_cross
D:14:     hangedman_vaults_entry_quadrant_bands, uniq_kirke
D:15:     grunt_enter_depths_giant_problem, portal_ice_cave_entry_frozen_things,
          roderic_serpentine_path, uniq_sonja
Temple:   circular_temple_12
Lair:1:   beast_lair_carwin_large_2
Lair:2:   zaba_anthell, uniq_erica
Lair:3:   minmay_snake_entry_guardpost_small
Lair:4:   serial_bayou_lagoon_b, lemuel_fruit_tree, lemuel_fruit_fields,
          uniq_maud, uniq_nergalle
Lair:5:   minmay_swamp_entry_eels, small_statue_intersection
Lair:6:   grunt_forest_small_clearings, serial_bayou_shore_b,
          lemuel_fruit_fields, serial_bayou_shore_a, uniq_josephine
Lair:8:   wormcave, nicolae_slime_entry_slimehenge, minmay_lair_oklob_bushes,
          grunt_megastairs_5
Orc:2:    st_orc_congregation, uniq_saint_roka
IceCv:    ice_cave_small_necro

Skill      XL: |  1  2  3  4  5  6  7  8  9 10 11 12 13 14 15 16 |
---------------+-------------------------------------------------+-----
Axes           | 2 3 4 |  4.5
Shields        | 3 4 5 6 7 8 9 10 11 13 | 13.2
Armour         | 3 4 5 6 7 8 10 11 12 | 12.6
Fighting       | 4 5 6 7 8 9 10 11 | 11.3
Invocations    | 3 7 10 12 14 15 | 15.2
Dodging        | 1 3 4 6 7 9 10 12 | 12.5
Spellcasting   | 4 6 |  6.0

Action                   |  1- 3 |  4- 6 |  7- 9 | 10-12 | 13-15 | 16-18 || total
-------------------------+-------+-------+-------+-------+-------+-------++-------
Melee: War axe           |   143 |   150 |   152 |       |       |       ||   445
       Double sword      |       |       |   140 |   410 |  1219 |   124 ||  1893
       Scimitar          |       |       |       |     4 |       |       ||     4
       Unarmed           |       |       |       |       |     3 |       ||     3
Invok: Upheaval          |       |       |       |     2 |    16 |     2 ||    20
       Elemental Force   |       |       |       |       |     6 |     4 ||    10
       Disaster Area     |       |       |       |       |       |     1 ||     1
 Abil: Evoke Berserk Rag |       |       |       |       |     5 |     2 ||     7
  Use: Scroll            |       |       |     4 |    10 |    14 |     1 ||    29
       Potion            |       |       |       |     7 |     6 |     1 ||    14
  Eat: Chunk             |     1 |     6 |    11 |    15 |    41 |     8 ||    82
       Pizza             |       |       |       |     2 |       |       ||     2
       Meat ration       |       |       |       |       |     1 |       ||     1
       Fruit             |       |       |       |       |     1 |       ||     1
